 Dungeon Crawl Stone Soup version 0.30-a0-172-gc5509c9e31 (webtiles) character file.

Game seed: 3048525866431595138

7 bjtr the Firebug (level 2, -1/15 HPs)
             Began as a Gargoyle Fire Elementalist on Oct 2, 2022.
             Slain by a quokka (4 damage)
             ... on level 1 of the Dungeon.
             The game lasted 00:01:29 (314 turns).

bjtr the Firebug (Gargoyle Fire Elementalist)        Turns: 314, Time: 00:01:30

Health: -1/15      AC:  4    Str: 11    XL:     2   Next: 0%
Magic:  1/5        EV: 12    Int: 15    God:
Gold:   43         SH:  0    Dex: 10    Spells: 4/5 levels left

rFire   . . .      SeeInvis .    e - +0 hand axe
rCold   . . .      Faith    .    (no shield)
rNeg    + . .      Spirit   .    a - +0 robe
rPois   ∞          Reflect  .    (no helmet)
rElec   +          Harm     .    (no cloak)
rCorr   .          Rampage  .    (no gloves)
Will    .....                    (no boots)
Stlth   ++........               (no amulet)
HPRegen 0.22/turn                (no ring)
MPRegen 0.09/turn                (no ring)

@: no status effects
A: sickness immunity, AC +2, negative energy resistance 1, electricity
resistance, torment resistance 1, petrification resistance
a: no special abilities


You were on level 1 of the Dungeon.
You visited 1 branch of the dungeon, and saw 1 of its levels.

You collected 43 gold pieces.

Inventory:

Hand Weapons
 e - a +0 hand axe (weapon)
Missiles
 g - 8 stones
Armour
 a - a +0 robe (worn)
Jewellery
 c - a +6 ring of strength
Scrolls
 d - a scroll of amnesia {unknown}
 f - a scroll of blinking {unknown}
Potions
 b - a potion of magic


   Skills:
 + Level 1.8 Dodging
 + Level 2.2 Stealth
 * Level 2.1 Spellcasting
 + Level 1.1 Conjurations
 * Level 3.1 Fire Magic


You had 4 spell levels left.
You knew the following spells:

 Your Spells              Type           Power      Damage    Failure   Level
a - Foxfire               Conj/Fire      28%        2x1d5     10%         1

Your spell library contained the following spells:

 Spells                   Type           Power      Damage    Failure   Level
 Scorch                   Fire           22%        2d6       9%          2
 Inner Flame              Hex/Fire       6%         N/A       34%         3
 Kindle Blastsparks       Fire/Tloc/Air  8%         2d10      41%         3
 Flame Wave               Conj/Fire      7%         2d5       67%         4


Dungeon Overview and Level Annotations

Branches:
Dungeon (1/15)

Altars:


Innate Abilities, Weirdness & Mutations

You are immune to sickness and miasma.
Your stone body is resilient. (AC +2)
You are immune to poison.
You resist negative energy. (rN+)
You are resistant to electric shocks. (rElec)
You are resistant to unholy torment.
You are immune to petrification.


Message History

The foxfire hits the giant cockroach.
The giant cockroach is severely wounded.
A quokka and a dart slug come into view.
Found a whip.
Casting: Foxfire (safe; 10% risk of failure)
Confirm with . or Enter, or press ? or * to list all spells.
You conjure some foxfire!
The foxfire hits the giant cockroach.
You kill the giant cockroach!
You have reached level 2!
Casting: Foxfire (safe; 10% risk of failure)
Confirm with . or Enter, or press ? or * to list all spells.
You miscast Foxfire.
You are very lightly contaminated with residual magic.
Nothing appears to happen.
The foxfire hits the dart slug but does no damage.
Unknown command.
You completely miss the dart slug.
The dart slug bites you but does no damage.
You hit the dart slug but do no damage. The dart slug closely misses you.
You hit the dart slug but do no damage.
The dart slug bites you but does no damage.
The quokka bites you.
You hit the dart slug.
The dart slug is heavily wounded.
You barely miss the quokka.
The quokka bites you but does no damage.
The dart slug barely misses you.
Your magical contamination has completely faded away.
The quokka barely misses you.
You barely miss the dart slug.
The dart slug is heavily wounded.
You closely miss the quokka. The quokka bites you.
The dart slug launches a dart at you. The slug dart hits you.
* * * LOW HITPOINT WARNING * * *
Unknown command.
The quokka attacks as you move away!
The quokka bites you but does no damage.
The quokka bites you.
You die...

................########
#############.#.........
#.##.####### #.##.# ##
#.##.# ... #.##.##.###.#
#.#..........
#.#..##.###.#
#.#.@#......
#)#.r#...##.#
#############..†w........
.....................##.
♣♣♣♣.....................
♣.................##.#
##..........##.####
#.##....... #.# ♣.#
####... ...


You could see a dart slug and a quokka.

Vanquished Creatures
  A giant cockroach (D:1)
  3 quokkas (D:1)
  2 bats (D:1)
6 creatures vanquished.

Vanquished Creatures (others)
  16 foxfires (D:1)
16 creatures vanquished.

Grand Total: 22 creatures vanquished

Notes
Turn   | Place    | Note
-------+----------+-------------------------------------------
     0 | D:1      | bjtr the Gargoyle Fire Elementalist began the quest for the
                  | Orb.
     0 | D:1      | Reached XP level 1. HP: 10/10 MP: 3/3
   304 | D:1      | Reached XP level 2. HP: 15/15 MP: 1/5
   314 | D:1      | Slain by a quokka

Illustrated notes

Levels and vault maps discovered:
D:1:      amcnicky_arrival_double_pillar, layout_basic,
          dilly_ecumenical_altar_fadedgnrine, minivault_11, solitary_fountain

Action                   || total
-------------------------++-------
Melee: Hand axe          ||     5
 Cast: Foxfire           ||     9
Armor: Robe              ||     8
Dodge: Dodged            ||     9

Table legend: (Time is in decaauts)
 A = Elapsed time spent in this place.
 B = Non-inter-level travel time spent in this place.
 C = Inter-level travel time spent in this place.
 D = Time resting spent in this place.
 E = Time spent auto-exploring this place.
 F = Levels seen in this place.
 G = Mean time per level.
                   A        B        C        D        E       F      G
               +--------+--------+--------+--------+--------+-----+--------+
         Total |    315 |    315 |      0 |      0 |    226 |   1 |  315.0 |
       Dungeon |    315 |    315 |      0 |      0 |    226 |   1 |  315.0 |
               +--------+--------+--------+--------+--------+-----+--------+

Top non-repeatable levels by time:
     D:1: 315 daAuts
